 Dungeon Crawl Stone Soup version 0.22-a0-135-g6f012ad (webtiles) character file.

477 KristoblXynda the Ducker (level 6, -3/25 HPs)
             Began as a Felid Artificer on Jan 31, 2018.
             Killed from afar by an orc wizard (8 damage)
             ... with a magic dart
             ... on level 5 of the Dungeon.
             The game lasted 00:08:30 (4865 turns).

KristoblXynda the Ducker (Felid Artificer)          Turns: 4865, Time: 00:08:31

Health: -3/25      AC:  2    Str:  9    XL:     6   Next: 85%
Magic:  10/10      EV: 21    Int: 13    God:
Gold:   313        SH:  0    Dex: 17    Spells: 5/5 levels left
                                        Lives:  0   Deaths: 1

rFire    . . .     SeeInvis +     - Unarmed
rCold    . . .     Gourm    .   (shield unavailable)
rNeg     . . .     Faith    .   (armour unavailable)
rPois    .         Spirit   .   (helmet unavailable)
rElec    .         Reflect  .   (cloak unavailable)
rCorr    .         Harm     .   (gloves unavailable)
MR       .....                  (boots unavailable)
Stlth    ++++......             (no amulet)
HPRegen  0.08/turn              (no ring)
MPRegen  0.12/turn              (no ring)

@: quick
A: very small, no armour, no weapons or thrown items, stealth, claws 1, fangs 3,
see invisible, carnivore, speed 1, shaggy fur 2, slow metabolism 1, sharp paws
a: no special abilities


You were on level 5 of the Dungeon.
You were very full.

You visited 1 branch of the dungeon, and saw 5 of its levels.

You collected 313 gold pieces.

Inventory:

Hand Weapons
 u - the +7 Singing Sword
   (You found it on level 4 of the Dungeon)
Jewellery
 p - an uncursed ring of flight {unknown}
Wands
 b - a wand of enslavement (13)
 c - a wand of random effects (7)
Scrolls
 e - a scroll of identify
 f - a scroll of teleportation
 h - 2 scrolls of remove curse
 i - a scroll of immolation {unknown}
 n - 2 scrolls of fear
Potions
 g - 2 potions of brilliance
 j - a potion of magic
 l - a potion of agility
 m - 4 potions of curing
 o - a potion of mutation
 r - 2 potions of flight {unknown}
 s - a potion of ambrosia {unknown}
 t - a potion of might
Comestibles
 d - 7 rations


   Skills:
 - Level 1.0 Fighting
 + Level 5.5 Dodging
 + Level 5.3 Stealth
 + Level 3.6 Unarmed Combat
 + Level 5.2 Evocations


You had 5 spell levels left.
You didn't know any spells.

Dungeon Overview and Level Annotations

Branches:
Dungeon (5/15)             Temple (0/1) D:5

Altars:
Dithmenos
Elyvilon
Makhleb
Qazlal
Vehumet
Xom


Innate Abilities, Weirdness & Mutations

You cannot wear armour.
You are incapable of wielding weapons or throwing items.
Your paws allow you to move quietly. (Stealth)
You have sharp claws.
You have razor-sharp teeth.
You have supernaturally acute eyesight. (SInv)
You are carnivorous and can eat meat at any time.
You cover ground quickly.
You are covered in thick fur. (AC +2)
You have a slow metabolism.
Your sharp claws are effective at attacking unaware monsters.


Message History

The magic dart hits you!
The rat splashes around in the water.
You scratch the rat.
You kill the rat!
The orc wizard mumbles some strange words.
The orc wizard seems to speed up.
Things that are here:
a rat corpse; a giant cockroach corpse The orc wizard casts a spell at you.
The magic dart hits you!
* * * LOW HITPOINT WARNING * * *
Evoke which item? (* to show all) (? for menu, Esc to quit)
Aiming: Random Effects
Press: ? - help, Shift-Dir - straight line, f - orc wizard
Aim: an orc wizard, wielding a dagger and wearing a robe (fast)
The orc wizard looks slightly unstable.
The orc wizard casts a spell at you.
You easily resist.
The orc wizard gestures at you while chanting.
The magic dart hits you!
You die...

.># #.# #.# #.#
#o# ###.#
#.##*#..##*****#*
#....#.##≈≈≈,,≈≈##
####.#.#≈******#≈#
#.o.#≈*≈≈≈≈*#≈#
###†#≈*≈***,#≈#
#.#≈*,*∩*≈#@#
#.#≈*≈*≈*≈#≈#
#.#≈**≈**,#†#
#.#≈*****≈#o#
#.##≈,≈,≈##≈#
#..#######.##
##.........#
###########


You could see an orc wizard.

Vanquished Creatures
  An ogre (D:4)
  A centaur (D:5)
  3 scorpions (D:4)
  The ghost of KristoblXynda the Sneak, a weakling OpEn (D:3)
  Jessica (D:2)
  A hound skeleton (D:4)
  5 adders
  4 oozes (D:1)
  3 worms
  3 dart slugs
  5 leopard geckos
  9 orcs (D:3)
  6 giant cockroaches
  7 goblins
  6 hobgoblins
  2 jackals (D:2)
  A ball python (D:1)
  10 bats
  4 frilled lizards
  3 kobolds
  6 rats
82 creatures vanquished.

Vanquished Creatures (others)
  A bat (D:3)
  A fungus (D:4)
2 creatures vanquished.

Grand Total: 84 creatures vanquished

Notes
Turn   | Place    | Note
-------+----------+-------------------------------------------
     0 | D:1      | KristoblXynda the Felid Artificer began the quest for the Orb.
     0 | D:1      | Reached XP level 1. HP: 9/9 MP: 4/4
   238 | D:1      | Reached XP level 2. HP: 10/12 MP: 5/5
   843 | D:1      | Reached XP level 3. HP: 12/15 MP: 6/6
  1891 | D:2      | Reached XP level 4. HP: 19/19 MP: 7/7
  2007 | D:2      | Noticed Jessica
  2012 | D:2      | Killed Jessica
  2436 | D:3      | Noticed KristoblXynda's ghost (weakling OpEn)
  2584 | D:3      | Killed themself with a badly aimed fireball
  2585 | D:3      | Reached XP level 3. HP: 0/15 MP: 7/7
  2602 | D:3      | Killed KristoblXynda's ghost
  2602 | D:3      | Reached XP level 4. HP: 19/19 MP: 8/8
  3508 | D:3      | Found a blossoming altar of Fedhas.
  3510 | D:3      | Found a radiant altar of Vehumet.
  3510 | D:3      | Found a burning altar of Makhleb.
  3512 | D:3      | Found a shimmering altar of Xom.
  3512 | D:3      | Found a stormy altar of Qazlal.
  3512 | D:3      | Found a white marble altar of Elyvilon.
  3635 | D:4      | Reached XP level 5. HP: 21/22 MP: 9/9
  4179 | D:4      | Noticed an ogre
  4185 | D:4      | Killed an ogre
  4185 | D:4      | Reached skill level 5 in Dodging
  4185 | D:4      | Gained mutation: You are covered in thick fur. (AC +2) [Felid growth]
  4185 | D:4      | Reached XP level 6. HP: 25/25 MP: 10/10
  4426 | D:4      | Found a shadowy altar of Dithmenos.
  4512 | D:4      | Reached skill level 5 in Stealth
  4512 | D:4      | Reached skill level 5 in Evocations
  4553 | D:4      | Found the +7 Singing Sword
  4629 | D:5      | Entered Level 5 of the Dungeon
  4672 | D:5      | Found a shimmering altar of Xom.
  4678 | D:5      | Found a staircase to the Ecumenical Temple.
  4811 | D:5      | Noticed an orc warrior
  4865 | D:5      | Killed from afar by an orc wizard

Vault maps used:
D:1:      eino_arrival_tree_alley
D:2:      uniq_jessica
D:3:      first_ration, doesnt_xom_only_xom
D:4:      old_forge, grunt_dithmenos_smoke
D:5:      overflow_temple_1_default, minmay_temple_entry_overgrown,
          gup_sewer_entry_spiral

Skill      XL: |  1  2  3  4  5  6 |
---------------+-------------------+-----
Dodging        | 3 4 5 |  5.5
Stealth        | 2 4 5 |  5.3
Unarmed Combat | 2 3 |  3.6
Evocations     | 4 5 |  5.2
Fighting       | |  1.0

Action                   |  1- 3 |  4- 6 || total
-------------------------+-------+-------++-------
Melee: Unarmed           |   117 |   181 ||   298
       Bite              |    14 |    12 ||    26
       Punch             |       |     1 ||     1
Evoke: Wand              |     8 |    17 ||    25
  Use: Scroll            |     3 |    10 ||    13
       Potion            |       |     2 ||     2
 Stab: Sleeping          |    10 |     9 ||    19
       Paralysed         |     1 |       ||     1
       Distracted        |       |     1 ||     1
  Eat: Chunk             |     2 |    14 ||    16
Armor: Skin              |     7 |    11 ||    18
Dodge: Dodged            |    83 |   152 ||   235

Table legend:
 A = Spawn XP
 B = Non-spawn XP
 C = Spawn XP percentage of total XP
 D = Spawn monster count
 E = Non-spawn monster count
 F = Spawn count percentage of total count
 G = Total turns spent on level
                    A         B        C        D         E        F      G
               +---------+---------+-------+---------+---------+-------+---------
         Total |       0 |     763 |   0.0 |       0 |      82 |   0.0 |  4865
               +---------+---------+-------+---------+---------+-------+---------
           D:1 |       0 |      63 |   0.0 |       0 |      25 |   0.0 |  1202
           D:2 |       0 |      84 |   0.0 |       0 |      17 |   0.0 |  1333
           D:3 |       0 |     122 |   0.0 |       0 |      21 |   0.0 |  1080
           D:4 |       0 |     372 |   0.0 |       0 |      11 |   0.0 |  1014
           D:5 |       0 |     122 |   0.0 |       0 |       8 |   0.0 |   236
               +---------+---------+-------+---------+---------+-------+---------
